 Dungeon Crawl Stone Soup version 0.22-a0-32-ga749362 (webtiles) character file.

69 Faca the Cudgeler (level 4, 0/36 HPs)
             Began as a Centaur Gladiator on Jan 3, 2018.
             Succumbed to an orc wizard's poison
             ... on level 2 of the Dungeon.
             The game lasted 00:03:55 (1536 turns).

Faca the Cudgeler (Centaur Gladiator)               Turns: 1536, Time: 00:03:56

Health: 0/36       AC:  7    Str: 17    XL:     4   Next: 2%
Magic:  4/4        EV: 16    Int:  7    God:
Gold:   95         SH:  0    Dex: 16    Spells: 3/3 levels left

rFire    . . .     SeeInvis .   a - +0 flail
rCold    . . .     Gourm    .   (no shield)
rNeg     . . .     Faith    .   b - +0 leather armour
rPois    .         Spirit   .   c - +1 helmet
rElec    .         Reflect  .   (no cloak)
rCorr    .         Harm     .   j - +0 pair of gloves
MR       .....                  (no barding)
Stlth    ++........             (no amulet)
HPRegen  0.12/turn              (no ring)
MPRegen  0.09/turn              (no ring)

@: agile, lethally poisoned (0 -> -4), very slightly contaminated, invisible
(expiring), very quick
A: large, hooves 3, deformed body, speed 2, tough skin 3
a: no special abilities


You were on level 2 of the Dungeon.
You were not hungry.

You visited 1 branch of the dungeon, and saw 2 of its levels.

You collected 95 gold pieces.

Inventory:

Hand Weapons
 a - a +0 flail (weapon)
Missiles
 d - 3 throwing nets (quivered)
Armour
 b - a +0 leather armour (worn)
 c - a +1 helmet (worn)
 j - a +0 pair of gloves (worn)
Potions
 e - a potion of agility
Comestibles
 f - a ration


   Skills:
 + Level 2.3 Fighting
 + Level 3.2 Maces & Flails
 - Level 2.1 Throwing
 + Level 1.0 Armour
 + Level 2.8 Dodging
 + Level 0.2 Stealth


You had 3 spell levels left.
You didn't know any spells.

Dungeon Overview and Level Annotations

Branches:
Dungeon (2/15)

Altars:


Innate Abilities, Weirdness & Mutations

You have hooves in place of feet.
Armour fits poorly on your strangely shaped body.
You cover ground very quickly.
You have extremely tough skin. (AC +3)


Message History

* * * LOW HITPOINT WARNING * * *
You feel sick.
* * * LOW HITPOINT WARNING * * *
You feel sick.
You see here 2 stones.
Things that are here:
3 stones; a short sword
* * * LOW HITPOINT WARNING * * *
You feel sick.
* * * LOW HITPOINT WARNING * * *
You feel sick.
* * * LOW HITPOINT WARNING * * *
You feel sick.
You see here a club.
* * * LOW HITPOINT WARNING * * *
You feel sick.
You flicker for a moment.
* * * LOW HITPOINT WARNING * * *
You feel sick.
You die...

#..# .. ...... #. ...
#. #..... #. .#. #.
#.. ..## #.##.# #.
#.# ..# #.#..# #. #.#
#.# #...### #. #.#
##.####.....
###.##.###...........
#...@.......)....((..
#....)...........####
#.........%....#.# #
#..............#.#
###.....##.......#
#####..######.## ##.#
..# .. #.## ..


There were no monsters in sight!

Vanquished Creatures
  An orc wizard (D:2)
  A dart slug (D:1)
  A leopard gecko (D:1)
  2 orcs (D:2)
  3 giant cockroaches (D:1)
  4 goblins
  5 hobgoblins
  4 jackals (D:1)
  A bat (D:1)
  2 frilled lizards
  5 kobolds
  5 rats
34 creatures vanquished.

Notes
Turn   | Place    | Note
-------+----------+-------------------------------------------
     0 | D:1      | Faca the Centaur Gladiator began the quest for the Orb.
     0 | D:1      | Reached XP level 1. HP: 17/17 MP: 1/1
   158 | D:1      | Reached XP level 2. HP: 13/24 MP: 2/2
   507 | D:1      | Reached skill level 3 in Maces & Flails
   957 | D:1      | Reached XP level 3. HP: 29/29 MP: 3/3
  1498 | D:2      | Reached skill level 1 in Armour
  1498 | D:2      | Reached XP level 4. HP: 12/36 MP: 4/4
  1533 | D:2      | HP: 1/36 [poisoned by an orc wizard]
  1536 | D:2      | Succumbed to an orc wizard's poison

Vault maps used:
D:1:      minmay_arrival_four_loops, serial_forest, infiniplex_forest_end_1,
          infiniplex_forest_clump_cross, infiniplex_forest_straight_4,
          infiniplex_forest_clump_curved, infiniplex_forest_lined_room_2,
          infiniplex_forest_end_3
D:2:      minmay_kobold_bridge, first_ration, minmay_misc_feat_four_crosses

Skill      XL: |  1  2  3 |
---------------+----------+-----
Maces & Flails | 3 |  3.2
Armour         | 1 |  1.0
Fighting       | |  2.3
Throwing       | |  2.1
Dodging        | |  2.8
Stealth        | |  0.2

Action                   |  1- 3 |  4- 6 || total
-------------------------+-------+-------++-------
Melee: Flail             |   108 |     1 ||   109
       Kick              |    21 |       ||    21
  Use: Scroll            |     4 |       ||     4
       Potion            |     1 |     3 ||     4
  Eat: Ration            |     1 |       ||     1
Armor: Leather armour    |    46 |       ||    46
Dodge: Dodged            |    79 |     1 ||    80

Table legend:
 A = Spawn XP
 B = Non-spawn XP
 C = Spawn XP percentage of total XP
 D = Spawn monster count
 E = Non-spawn monster count
 F = Spawn count percentage of total count
 G = Total turns spent on level
                    A         B        C        D         E        F      G
               +---------+---------+-------+---------+---------+-------+---------
         Total |       0 |      99 |   0.0 |       0 |      34 |   0.0 |  1536
               +---------+---------+-------+---------+---------+-------+---------
           D:1 |       0 |      45 |   0.0 |       0 |      25 |   0.0 |  1338
           D:2 |       0 |      54 |   0.0 |       0 |       9 |   0.0 |   198
               +---------+---------+-------+---------+---------+-------+---------
